 Dungeon Crawl Stone Soup version 0.30.0-5-g1a98f26d00 (webtiles) character file.

Game seed: 5607846847524701811

17783 ragingrage the Basher (level 12, -6/86 HPs)
             Began as a Human Cinder Acolyte on May 10, 2023.
             Was an Elder of Ignis.
             Killed themself with a badly aimed concussive blast (7 damage)
             ... on level 1 of the Orcish Mines.
             The game lasted 00:29:26 (22486 turns).

ragingrage the Basher (Human Cinder Acolyte)       Turns: 22486, Time: 00:29:26

Health: -6/86      AC: 16    Str: 17    XL:     12   Next: 86%
Magic:  0/18       EV: 10    Int: 24    God:    Ignis [****..]
Gold:   743        SH: 12    Dex: 14    Spells: 2/19 levels left

rFire   + . .        H - +0 morningstar
rCold   + . .        U - +2 buckler of Nis Misee {rC+}
rNeg    . . .        m - +3 ring mail
rPois   +            q - +0 helmet
rElec   .            Q - +0 cloak {rPois}
rCorr   .            k - +1 pair of gloves
SInv    .            o - +2 pair of boots
Will    .....        x - amulet of reflection
Stlth   +            S - +6 ring of dexterity
HPRegen 0.34/turn    J - +6 ring of intelligence
MPRegen 0.16/turn

%: reflection
@: very slightly contaminated
A: no striking features
a: Renounce Religion, Fiery Armour, Foxfire Swarm, Rising Flame


You were on level 1 of the Orcish Mines.
You worshipped Ignis.
Ignis was greatly pleased with you.
You visited 4 branches of the dungeon, and saw 17 of its levels.
You also visited: Ossuary and Bailey.

You collected 929 gold pieces.
You spent 186 gold pieces at shops.

Inventory:

Hand Weapons
 C - a +2 whip of freezing
 H - a +0 morningstar (weapon)
Missiles
 r - 4 curare-tipped darts
 z - 23 poisoned darts
 B - a throwing net
 P - 4 datura-tipped darts
Armour
 k - a +1 pair of gloves (worn)
 m - a +3 ring mail (worn)
 o - a +2 pair of boots (worn)
 q - a +0 helmet (worn)
 v - the +1 robe of Action {rElec Dex+3}
   (You took it off a gnoll bouda on level 5 of the Dungeon)

   Dex:       It affects your dexterity (+3).
   rElec:     It insulates you from electricity.
 A - a +2 chain mail of cold resistance
 Q - a +0 cloak of poison resistance (worn)
 U - the +2 buckler of Nis Misee (worn) {rC+}
   (You found it on level 11 of the Dungeon)

   rC:        It protects you from cold.
Jewellery
 x - an amulet of reflection (around neck)
 G - a ring of protection from fire
 J - a +6 ring of intelligence (right hand)
 S - a +6 ring of dexterity (left hand)
Wands
 u - a wand of iceblast (29)
 I - a wand of mindburst (22)
 L - a wand of charming (3)
 O - a wand of quicksilver (2)
Scrolls
 a - 5 scrolls of immolation
 c - 5 scrolls of magic mapping
 f - 4 scrolls of enchant weapon
 g - a scroll of torment {unknown}
 i - 3 scrolls of silence
 j - 8 scrolls of teleportation
 s - 3 scrolls of blinking
 t - a scroll of enchant armour
 y - a scroll of fog
 K - 4 scrolls of poison
 R - a scroll of brand weapon {unknown}
 V - a scroll of butterflies {unknown}
Potions
 b - a potion of mutation {unknown}
 d - 4 potions of resistance
 e - 8 potions of attraction
 h - 5 potions of lignification
 l - a potion of magic
 n - 4 potions of heal wounds
 p - 2 potions of haste
 w - 2 potions of brilliance
 D - 5 potions of berserk rage
 E - 2 potions of invisibility
 F - 3 potions of might
 M - a potion of curing {unknown}
Miscellaneous
 N - a lightning rod (4/4)


   Skills:
 - Level 5.0 Fighting
 + Level 13.8 Maces & Flails
 - Level 4.0 Armour
 - Level 4.0 Shields
 - Level 4.0 Spellcasting
 - Level 5.1 Conjurations
 - Level 6.0 Translocations
 - Level 6.0 Fire Magic
 - Level 6.0 Air Magic
 - Level 3.0 Poison Magic
 - Level 4.0 Evocations


You had 2 spell levels left.
You knew the following spells:

 Your Spells              Type           Power      Damage    Failure   Level
a - Scorch                Fire           66%        2d8       2%          2
b - Volatile Blastmotes   Fire/Tloc      66%        2d15      5%          3
c - Iskenderun's Mystic   Conj/Tloc      31%        2d8       22%         4
d - Mephitic Cloud        Conj/Pois/Air  27%        N/A       10%         3
e - Blink                 Tloc           66%        N/A       2%          2
f - Swiftness             Air            33%        N/A       5%          3

Your spell library contained the following spells:

 Spells                   Type           Power      Damage    Failure   Level
 Poisonous Vapours        Pois/Air       52%        N/A       5%          2
 Slow                     Hex            16%        N/A       22%         1
 Ensorcelled Hibernation  Hex/Ice        8%         N/A       32%         2
 Passwall                 Tmut/Erth      3%         N/A       32%         2
 Manifold Assault         Tloc           33%        N/A       19%         4
 Confusing Touch          Hex            4%         N/A       54%         3
 Ozocubu's Armour         Ice            4%         N/A       54%         3
 Vampiric Draining        Necr           4%         2d6       54%         3
 Fulminant Prism          Conj/Hex       8%         3d7       58%         4
 Freezing Cloud           Conj/Ice/Air   11%        6-21      80%         5
 Lee's Rapid Deconstruct  Erth           2%         3d4*      99%         5
 Metabolic Englaciation   Hex/Ice        2%         N/A       99%         5
 Simulacrum               Ice/Necr       2%         N/A       100%        6
 Storm Form               Tmut/Air       9%         N/A       100%        7


Dungeon Overview and Level Annotations

Branches:
Dungeon (13/15)            Temple (1/1) D:6            Lair (1/5) D:11
    Orc (2/2) D:10        Ossuary (visited)          Bailey (visited)
    Elf: Orc:2       Vaults: D:13-14

Altars:
Ashenzari
Cheibriados
Dithmenos
Elyvilon
Fedhas
Gozag
Hepliaklqana
Kikubaaqudgha
Makhleb
Nemelex Xobeh
Okawaru
Qazlal
Ru
Sif Muna
Trog
Uskayaw
Vehumet
Wu Jian
Xom
Yredelemnul
Zin
The Shining One

Shops:
D:2 =   D:5 ?   D:8 (   D:9 ?

Annotations:
D:4 1 runed translucent door, Crazy Yiuf
D:7 1 runed translucent door, jejorda2's ghost, novice VSBe
D:8 exclusion: downstairs
D:12 exclusion: downstairs
D:13 Jorgrun
Orc:1 exclusion: downstairs
Orc:2 Maurice


Message History

Casting: Scorch (safe; 2% risk of failure) Flames lash the orc wizard.
The orc wizard's fire resistance burns away.
The orc priest calls down the wrath of Beogh upon you.
Beogh smites you!
Maurice is engulfed in noxious fumes.
The ogre is engulfed in noxious fumes.
The ogre hits itself with a +0 giant club.
The orc priest invokes the aid of Beogh against you.
Beogh smites you!
* * * LOW HITPOINT WARNING * * *
The orc wizard mumbles something.
The orc priest mumbles some strange prayers to Beogh against you.
Beogh smites you!
* * * LOW HITPOINT WARNING * * *
Maurice is engulfed in noxious fumes.
Maurice appears confused.
Maurice hits the orc wizard with a +0 short sword.
There is a stone staircase leading up here.
The orc wizard is no longer more vulnerable to fire.
The orc priest calls upon Beogh to heal the orc wizard.
The orc wizard is healed somewhat.
You block the orc warrior's attack.
Maurice is engulfed in noxious fumes.
Maurice appears confused.
You climb upwards.
Level annotation: exclusion: downstairs Reactivating autopickup.
There is a stone staircase leading down here.
Okay, then.
Casting: Scorch (safe; 2% risk of failure)
You miscast Volatile Blastmotes.
You are very lightly contaminated with residual magic.
Nothing appears to happen.
You block the orc warrior's attack.
Casting: Volatile Blastmotes (dangerous; 5% risk of failure)
A cloud of volatile blastmotes flares up around you!
The orc warrior hits you but does no damage.
The orc warrior attacks as you move away!
The orc warrior hits you with a +0 dire flail!
* * * LOW HITPOINT WARNING * * *
The cloud of blastmotes explodes!
The concussive blast engulfs the orc warrior!!
The concussive blast engulfs you! You resist.
You die...

#.........#..#..#.#[#########
##.##.............)##.#####<##
.##.##............[.....#)[..#
.....##.................))).##
.....#................#.).[..#
#......................).....##
...................#..........#
≈~~~~≈~~.............[.......##
#######~.......o@.....#....###
#?...)#~..............##.###
#.....#~........#......###
#..)..#≈.........#....###
#.))..#~..........#...#.##
###)###≈...........#.#...##
'..)..#≈............##....#
'..)).#~....###.......>..##
###'###~.....#.#.....#.######


You could see an orc warrior.

Vanquished Creatures
  An ettin (Orc:1)
  3 two-headed ogres
  An orc knight (D:10)
  An oklob plant (D:11)
  A manticore (D:11)
  A gargoyle (D:10)
  An unseen horror (D:12)
  A kobold demonologist (D:12)
  2 komodo dragons (D:12)
  3 trolls
  Grinder (D:4)
  2 hornets
  A slime creature (D:12)
  A meliai zombie (D:11)
  A shadow (D:12)
  3 wraiths
  4 yaks (D:9)
  A steam dragon (D:6)
  4 wargs (Orc:1)
  An acid dragon (D:10)
  2 water moccasins
  18 orc warriors
  2 ice beasts
  A black bear (D:5)
  3 ogres
  11 centaurs
  4 kobold brigands
  4 scorpions
  A gnoll sergeant (D:11)
  4 bullfrogs
  7 killer bees
  9 howler monkeys
  A lava snake (D:7)
  10 centaur zombies
  4 jellies
  A gnoll bouda (D:5)
  7 orc priests
  6 iguanas
  Terence (D:3)
  A boggart zombie (D:11)
  20 orc wizards
  3 sleepcaps
  2 mummies (Ossuary)
  Robin (D:4)
  7 adders
  14 gnolls
  A shadow imp (D:5)
  3 white imps
  An adder zombie (Ossuary)
  4 worms
  2 dart slugs
  50 orcs
  8 bats
  9 endoplasms
  2 giant cockroaches
  15 goblins
  4 hobgoblins
  4 jackals (D:4)
  26 kobolds
  2 quokkas (D:1)
  5 ball pythons
  2 goblin zombies (Ossuary)
  7 hobgoblin zombies (Ossuary)
  A jackal zombie (Ossuary)
  11 kobold zombies (Ossuary)
  12 orc zombies (Ossuary)
  3 rats
  2 rat zombies (Ossuary)
352 creatures vanquished.

Vanquished Creatures (collateral kills)
  2 orc warriors (Bailey)
2 creatures vanquished.

Vanquished Creatures (others)
  20 foxfires (D:4)
20 creatures vanquished.

Grand Total: 374 creatures vanquished

Notes
Turn   | Place    | Note
-------+----------+-------------------------------------------
     0 | D:1      | ragingrage the Human Cinder Acolyte began the quest for the
                  | Orb.
     0 | D:1      | Reached XP level 1. HP: 18/18 MP: 2/2
   116 | D:1      | Reached XP level 2. HP: 20/24 MP: 3/3
   119 | D:1      | Learned a level 2 spell: Scorch
   374 | D:1      | Found a faded altar of an unknown god.
   474 | D:1      | Reached XP level 3. HP: 25/29 MP: 4/4
  1122 | D:1      | Reached skill level 4 in Maces & Flails
  1205 | D:2      | Reached XP level 4. HP: 23/35 MP: 0/5
  2027 | D:2      | Reached XP level 5. HP: 41/41 MP: 3/6
  2149 | D:2      | Found Mysu's Jewellery Shoppe.
  2852 | D:3      | Reached skill level 5 in Maces & Flails
  2852 | D:3      | Reached XP level 6. HP: 47/47 MP: 0/7
  3082 | D:3      | Noticed Terence
  3136 | D:3      | Killed Terence
  3435 | D:3      | Found a basalt altar of Yredelemnul.
  3487 | D:3      | Found a stormy altar of Qazlal.
  3805 | D:4      | Reached skill level 1 in Armour
  3805 | D:4      | Reached skill level 5 in Fire Magic
  3988 | D:4      | Learned a level 3 spell: Volatile Blastmotes
  4328 | D:4      | Found a runed translucent door.
  4329 | D:4      | Noticed Crazy Yiuf
  4379 | D:4      | Reached XP level 7. HP: 52/52 MP: 0/8
  4464 | D:4      | Noticed Grinder
  4472 | D:4      | Killed Grinder
  4473 | D:4      | Reached skill level 6 in Maces & Flails
  4802 | D:4      | Reached skill level 7 in Maces & Flails
  4931 | D:4      | Noticed Robin
  5155 | D:4      | Killed Robin
  5162 | D:4      | Reached XP level 8. HP: 52/58 MP: 1/9
  5534 | D:4      | Found a glowing silver altar of Zin.
  5714 | D:5      | Entered Level 5 of the Dungeon
  6055 | D:4      | Reached skill level 8 in Maces & Flails
  6396 | D:5      | Identified the +1 robe of Action {rElec Dex+3}
  6759 | D:5      | Learned a level 4 spell: Iskenderun's Mystic Blast
  6845 | D:5      | Reached skill level 9 in Maces & Flails
  6942 | D:5      | Found a shimmering altar of Xom.
  6943 | D:5      | Found a hazy altar of Hepliaklqana.
  6943 | D:5      | Noticed a Killer Klown
  6944 | D:5      | Noticed a spectral ugly thing
  6944 | D:5      | Noticed a Killer Klown
  7074 | D:5      | Reached skill level 1 in Conjurations
  7301 | D:5      | Reached XP level 9. HP: 63/63 MP: 1/12
  7482 | D:5      | Found Feikirin's Magic Scroll Emporium.
  7486 | D:5      | Bought a scroll of fog for 44 gold pieces
  7486 | D:5      | Bought a scroll of enchant armour for 82 gold pieces
  7670 | D:6      | Learned a level 3 spell: Mephitic Cloud
  8187 | D:6      | Found a sparkling altar of Nemelex Xobeh.
  8708 | D:6      | Found a staircase to the Ecumenical Temple.
  8714 | Temple   | Entered the Ecumenical Temple
  8884 | D:6      | Reached skill level 10 in Maces & Flails
  9588 | D:7      | Noticed a hornet
  9594 | D:7      | Killed a hornet
  9595 | D:7      | Reached skill level 5 in Conjurations
  9622 | D:7      | Found a runed translucent door.
  9623 | D:7      | Found a shimmering altar of Xom.
  9623 | D:7      | Noticed jejorda2's ghost (novice VSBe)
  9624 | D:7      | Noticed a +1 hand axe of chaos
  9792 | D:7      | Found a sand-covered staircase.
  9802 | Ossuary  | Entered an ossuary
 10760 | D:7      | Reached skill level 1 in Shields
 10760 | D:7      | Reached XP level 10. HP: 65/70 MP: 14/14
 11447 | D:8      | Reached skill level 1 in Evocations
 11866 | D:8      | Reached skill level 5 in Translocations
 11996 | D:8      | Noticed a two-headed ogre
 12014 | D:8      | Killed a two-headed ogre
 12155 | D:8      | Found Wiyzocs's Weapon Emporium.
 12769 | D:9      | Noticed a two-headed ogre
 12786 | D:8      | Killed a two-headed ogre
 12787 | D:8      | Reached skill level 11 in Maces & Flails
 13439 | D:9      | Found a snail-covered altar of Cheibriados.
 13460 | D:9      | Learned a level 2 spell: Blink
 13634 | D:9      | Found Daepluis's Magic Scroll Boutique.
 13638 | D:9      | Bought a scroll of poison for 60 gold pieces
 13698 | D:9      | Reached skill level 1 in Air Magic
 13698 | D:9      | Reached skill level 1 in Poison Magic
 13698 | D:9      | Reached XP level 11. HP: 76/76 MP: 0/15
 14120 | D:10     | Entered Level 10 of the Dungeon
 14124 | D:10     | Found a staircase to the Orcish Mines.
 14266 | D:10     | Found a flagged portal.
 14314 | Bailey   | Entered a bailey
 14653 | Bailey   | Found a burning altar of Makhleb.
 14752 | D:10     | Identified the +0 ring mail "Sast" {rPois Will- Str+3
                  | Int+3}
 14973 | D:10     | Noticed a two-headed ogre
 14982 | D:10     | Killed a two-headed ogre
 15134 | D:10     | Found a hide-covered altar of Uskayaw.
 15445 | D:11     | Learned a level 3 spell: Swiftness
 15720 | D:11     | Identified the +2 buckler of Nis Misee {rC+}
 15733 | D:11     | Noticed an oklob plant
 15816 | D:11     | Noticed a manticore
 15921 | D:11     | Reached skill level 12 in Maces & Flails
 15921 | D:11     | Reached skill level 5 in Air Magic
 16274 | D:11     | Found a basalt altar of Yredelemnul.
 16492 | D:11     | Reached XP level 12. HP: 49/84 MP: 7/18
 17276 | D:11     | Reached skill level 5 in Fighting
 17381 | D:11     | Found a staircase to the Lair.
 18942 | D:12     | Found a shimmering blue altar of Sif Muna.
 19567 | D:12     | Identified the +6 trident "Toeczoxiokh" {flame, rF+ Will+
                  | Dex+4}
 20311 | D:13     | Noticed Jorgrun
 20728 | Lair:1   | Entered Level 1 of the Lair of Beasts
 20781 | Orc:1    | Entered Level 1 of the Orcish Mines
 21494 | D:10     | Reached skill level 13 in Maces & Flails
 21636 | Orc:1    | Noticed an ettin
 21646 | Orc:1    | Killed an ettin
 22347 | Orc:2    | Entered Level 2 of the Orcish Mines
 22353 | Orc:2    | Noticed an orc warlord
 22469 | Orc:2    | Noticed Maurice
 22486 | Orc:1    | HP: 1/86 [orc warrior/+0 dire flail (12)]
 22486 | Orc:1    | Killed themself with a badly aimed concussive blast

Illustrated notes

Levels and vault maps discovered:
D:1:      mrwooster_arrival_statue, layout_loops_cross,
          shapermc_ecumenical_altar_flowoftime, nicolae_titane
D:2:      layout_loops_corners, serial_shops, shop_fountains
D:3:      layout_basic, mainiacjoe_overflow_large_starburst,
          minmay_misc_feat_cross, uniq_terence
D:4:      layout_basic, zin_scriptorium, uniq_grinder, uniq_crazy_yiuf_cottage,
          uniq_robin
D:5:      layout_loops_ring, regret_index_temple_of_mockery, serial_shops,
          shop_statue
D:6:      layout_basic, overflow_temple_1_default,
          minmay_temple_entry_enclosed_plants, corexii_corridor_pit
D:7:      layout_loops_corners, ebering_ghost_xom, enter_ossuary_1,
          grunt_decor_junction, chequers_mini_garden
D:8:      layout_loops_cross, serial_shops, shop, grunt_ministairs_8
D:9:      layout_cave_pools, kennysheep_slug_shrine, serial_shops,
          nicolae_shop_window_shopping
D:10:     layout_rooms, lemuel_tele_altar, david_orc_2, enter_bailey_2
D:11:     layout_roguey, dpeg_oklobed_lair, nicolae_yredelemnul_corpse_copse
D:12:     layout_loops_cross, dk_vineyard_3, led_sif_book
D:13:     layout_long_grid, erik_vaults_2, uniq_jorgrun
Temple:   zaba_magenta_temple
Lair:1:   layout_misc_corridors, roderic_batcave, serial_bayou_shore_a,
          grunt_megastairs_4, uniq_sonja
Orc:1:    layout_caves, nooodl_orcs_dogs
Orc:2:    grunt_orc_cross, layout_caves, serial_shops,
          nicolae_shop_tiny_statue_garden, basic_altar,
          portal_ice_cave_entry_imps, uniq_maurice

Skill      XL: |  1  2  3  4  5  6  7  8  9 10 11 12 |
---------------+-------------------------------------+-----
Maces & Flails | 4 5 7 9 10 11 12 13 | 13.8
Fire Magic     | 4 5 6 |  6.0
Armour         | 1 4 |  4.0
Translocations | 2 4 6 |  6.0
Spellcasting   | 2 3 4 |  4.0
Conjurations   | 1 5 |  5.1
Shields        | 1 3 4 |  4.0
Evocations     | 2 4 |  4.0
Air Magic      | 1 6 |  6.0
Poison Magic   | 1 3 |  3.0
Fighting       | 4 5 |  5.0

Action                     |  1- 3 |  4- 6 |  7- 9 | 10-12 || total
---------------------------+-------+-------+-------+-------++-------
  Melee: Mace              |    68 |       |       |       ||    68
         Flail             |     1 |    71 |   109 |   166 ||   347
         Whip              |       |       |   220 |   148 ||   368
         Punch             |       |       |     3 |       ||     3
         Morningstar       |       |       |       |    89 ||    89
  Throw: Dart              |       |       |       |     6 ||     6
   Cast: Scorch            |     5 |    62 |   129 |   319 ||   515
         Volatile Blastmot |       |       |     3 |    34 ||    37
         Iskenderun's Myst |       |       |       |     5 ||     5
         Mephitic Cloud    |       |       |       |    13 ||    13
 Invoke: Foxfire Swarm     |       |       |     1 |       ||     1
         Fiery Armour      |       |       |     1 |     1 ||     2
  Evoke: Lightning rod     |       |       |       |     1 ||     1
    Use: Potion            |       |     1 |       |     1 ||     2
         Scroll            |       |     2 |     8 |    10 ||    20
   Stab: Distracted        |     1 |       |       |       ||     1
         Confused          |       |       |       |     4 ||     4
 Armour: Robe              |    25 |     1 |       |       ||    26
         Ring mail         |       |    36 |   160 |   266 ||   462
  Dodge: Dodged            |    61 |    50 |   133 |   201 ||   445
  Block: Other             |       |       |    34 |       ||    34
         Buckler           |       |       |     6 |   357 ||   363
         Reflection        |       |       |       |    35 ||    35
